 Dungeon Crawl Stone Soup version 0.21.1-1-g345015fe64 (webtiles) character file.

87 Oravi the Vandal (level 4, -3/29 HPs)
             Began as a Halfling Hunter on Apr 18, 2018.
             Killed from afar by Sigmund (6 damage)
             ... with a magic dart
             ... on level 2 of the Dungeon.
             The game lasted 00:03:35 (1116 turns).

Oravi the Vandal (Halfling Hunter)                  Turns: 1116, Time: 00:03:36

Health: -3/29      AC:  4    Str: 13    XL:     4   Next: 80%
Magic:  4/4        EV: 22    Int:  9    God:
Gold:   61         SH:  0    Dex: 20    Spells: 3/3 levels left

rFire    . . .     SeeInvis .   b - +0 short sword
rCold    . . .     Gourm    .   (shield restricted)
rNeg     . . .     Faith    .   c - +1 leather armour
rPois    .         Spirit   .   (no helmet)
rElec    .         Reflect  .   (no cloak)
rCorr    .         Harm     .   (no gloves)
MR       .....                  (no boots)
Stlth    +++.......             (no amulet)
HPRegen  0.09/turn              (no ring)
MPRegen  0.09/turn              (no ring)

@: agile
A: small, repulsion field 1, mutation resistance 1
a: no special abilities


You were on level 2 of the Dungeon.
You were hungry.

You visited 1 branch of the dungeon, and saw 2 of its levels.

You collected 61 gold pieces.

Inventory:

Hand Weapons
 a - a +1 hunting sling
 b - a +0 short sword (weapon)
Missiles
 e - 27 sling bullets
 m - 21 stones (quivered)
Armour
 c - a +1 leather armour (worn)
Scrolls
 i - a scroll of enchant weapon {unknown}
Potions
 h - 3 potions of curing
Comestibles
 d - 9 chunks of flesh
 f - 6 rations


   Skills:
 - Level 2.0 Fighting
 * Level 1.8 Short Blades
 + Level 7.7 Slings
 + Level 0.4 Armour
 + Level 2.2 Dodging
 - Level 1.1 Stealth


You had 3 spell levels left.
You didn't know any spells.

Dungeon Overview and Level Annotations

Branches:
Dungeon (2/15)

Altars:

Annotations:
D:2 Sigmund


Innate Abilities, Weirdness & Mutations

You are small and have problems with some larger weapons.
You are somewhat resistant to further mutation.
You are surrounded by a mild repulsion field. (EV +2)


Message History

You closely miss Sigmund.
Sigmund is severely wounded.
You barely miss Sigmund.
Sigmund is severely wounded.
Sigmund casts a spell at you. You resist with some effort.
You hit Sigmund but do no damage.
Sigmund is severely wounded.
Sigmund casts a spell.
Sigmund flickers and vanishes!
Deactivating autopickup; reactivate with Ctrl-A.
You closely miss something. Something misses you.
You hit something but do no damage. Something barely misses you.
You are feeling hungry.
You hit something. You closely miss something.
You hear some strange, mumbled words.
A magic dart appears from out of thin air!
The magic dart hits you!
You die...

#§.≈###≈.≈###≈.§###§ #≈.≈
#≈.≈# #§.≈# ≈§#..
##§.§###≈.≈###§.§###§.#..
§≈≈.≈§≈≈≈)≈≈≈§≈.≈≈≈§§§...
..............§.......#.#
####.........###.#.......
#.........# #.#.......
#.........###.........
#.....)......@{..(#
#.......#.######(..#
#########.# ..# #.# ((. .
#.# ... . #.# .. # #.# #
#.#


There were no monsters in sight!

Vanquished Creatures
  2 adders (D:2)
  3 gnolls (D:2)
  An ooze (D:1)
  2 worms (D:2)
  A dart slug (D:1)
  A giant cockroach (D:2)
  6 goblins
  2 hobgoblins (D:2)
  4 jackals (D:2)
  A ball python (D:2)
  A bat (D:1)
  2 frilled lizards (D:1)
  2 kobolds (D:1)
  A rat (D:2)
29 creatures vanquished.

Notes
Turn   | Place    | Note
-------+----------+-------------------------------------------
     0 | D:1      | Oravi the Halfling Hunter began the quest for the Orb.
     0 | D:1      | Reached XP level 1. HP: 14/14 MP: 1/1
   109 | D:1      | Reached skill level 6 in Slings
   154 | D:1      | Reached XP level 2. HP: 19/19 MP: 2/2
   236 | D:1      | Reached skill level 1 in Short Blades
   716 | D:2      | Reached XP level 3. HP: 24/24 MP: 3/3
   721 | D:2      | Reached skill level 7 in Slings
   812 | D:2      | Reached XP level 4. HP: 23/29 MP: 4/4
  1072 | D:2      | Noticed Sigmund
  1079 | D:2      | Gained mutation: You are surrounded by a mild repulsion field. (EV +2) [potion of mutation]
  1116 | D:2      | Killed from afar by Sigmund

Skill      XL: |  1  2  3  4 |
---------------+-------------+-----
Slings         | 6 7 |  7.7
Short Blades   | 1 |  1.8
Fighting       | 2 |  2.0
Armour         | |  0.4
Dodging        | |  2.2
Stealth        | |  1.1

Action                   |  1- 3 |  4- 6 || total
-------------------------+-------+-------++-------
Melee: Short sword       |       |    32 ||    32
 Fire: Hunting sling     |    38 |    50 ||    88
  Use: Scroll            |     7 |       ||     7
       Potion            |       |     4 ||     4
Armor: Leather armour    |     1 |       ||     1
Dodge: Dodged            |     2 |    21 ||    23
